 Dungeon Crawl Stone Soup version 0.31-a0-1068-g5939ac1 (webtiles) character file.

Game seed: 15464085412139569592

307 PurpleRed the Chopper (level 7, -13/54 HPs)
             Began as a Meteoran Fighter on Nov 22, 2023.
             Was a Follower of Hepliaklqana.
             Mangled by an ogre
             ... wielding a +0 giant spiked club
              (20 damage)
             ... on level 5 of the Dungeon.
             The game lasted 00:06:46 (1142 turns).

PurpleRed the Chopper (Meteoran Fighter)            Turns: 1142, Time: 00:06:46

Health: -13/54     AC:  6    Str: 19    XL:     7   Next: 0%
Magic:  8/8        EV:  9    Int:  9    God:    Hepliaklqana [*.....]
Gold:   107        SH:  5    Dex: 15    Spells: 6/6 levels left

rFire   . . .        a - +0 war axe
rCold   . . .        c - +0 buckler
rNeg    . . .        b - +0 scale mail
rPois   .            (no helmet)
rElec   .            (no cloak)
rCorr   .            (no gloves)
SInv    .            (no boots)
Will    .....        (no amulet) Stlth
                     (no ring)
HPRegen 0.29/turn    (no ring)
MPRegen 0.11/turn

%: no passive effects
@: glowing
A: reduced essence, sense surroundings 1, otherworldly, glowing, explore regen
a: Renounce Religion, Recall Ancestor, Ancestor Identity


You were on level 5 of the Dungeon.
You worshipped Hepliaklqana.
Hepliaklqana was aware of your devotion.
You visited 1 branch of the dungeon, and saw 5 of its levels.

You collected 107 gold pieces.

Inventory:

Hand Weapons
 a - a +0 war axe (weapon)
Armour
 b - a +0 scale mail (worn)
 c - a +0 buckler (worn)
Wands
 g - a wand of charming (10)
Scrolls
 h - a scroll of immolation
 k - a scroll of butterflies
 l - a scroll of enchant weapon {unknown}
Potions
 d - a potion of might
 e - a potion of mutation
 f - 2 potions of attraction
 i - a potion of lignification {unknown}
 j - a potion of brilliance {unknown}


   Skills:
 + Level 5.1 Fighting
 * Level 6.5 Axes
 - Level 3.2 Armour
 - Level 3.2 Shields


You had 6 spell levels left.
You didn't know any spells.
Your spell library contained the following spells:

 Spells                   Type           Power      Damage    Failure   Level
 Shock                    Conj/Air       0%         1d3       83%         1
 Swiftness                Air            0%         N/A       99%         3
 Tukima's Dance           Hex            0%         N/A       99%         3
 Airstrike                Air            0%         2d(0-16)  100%        4
 Dimensional Bullseye     Hex/Tloc       0%         N/A       100%        4
 Iskenderun's Mystic Bla  Conj/Tloc      0%         2d3       100%        4


Dungeon Overview and Level Annotations

Branches:
Dungeon (5/15) Zot: 1815
 Temple: D:4-7

Altars:
Hepliaklqana


Innate Abilities, Weirdness & Mutations

Your life essence is reduced to manifest your ancestor. (-10% HP)
You passively map a small area around you.
You are easily found by Zot.
You glow in the dark.
You regain HP and MP as you explore.


Message History

There is a stone staircase leading up here.
The adder bites you.
You are poisoned.
The adder poisons you!
CandyCakes misses the adder.
You block the adder's attack.
You barely miss the adder.
You feel sick.
CandyCakes closely misses the adder.
The adder bites you.
CandyCakes barely misses the adder.
You miss the adder.
You feel sick. The adder closely misses you. The adder barely misses you.
CandyCakes barely misses the adder.
You slash the adder!
The adder is almost dead.
You feel sick. The adder barely misses you.
CandyCakes hits the adder.
The adder dies!
You have reached level 7!
CandyCakes remembers more of her old skill.
You feel sick.
You feel sick.
You are no longer poisoned.
Found a runed scarf.
Found a rapier and a scroll of identify.
An ogre comes into view. It is wielding a +0 giant spiked club.
Found a stone staircase leading down.
The ogre shouts!
You barely miss the ogre.
CandyCakes hits the ogre.
The ogre closely misses you.
You completely miss the ogre.
CandyCakes hits the ogre.
The ogre hits you with a +0 giant spiked club!
You hit the ogre.
The ogre is moderately wounded.
CandyCakes hits the ogre.
CandyCakes hits the ogre!
You hit the ogre.
The ogre is severely wounded.
The ogre hits you with a +0 giant spiked club!!!
Ouch! That really hurt!
* * * LOW HITPOINT WARNING * * *
CandyCakes barely misses the ogre.
You hit the ogre.
The ogre is almost dead.
The ogre hits you with a +0 giant spiked club!!
You die...

#. ,, ,, ## ##.# * *
##. ####..## ##..
#....>.# #... #......#
#######..<
#......######.........
#).....#......#####...
#........###### #...
#....@R### ##..
#....O.# ##. #......#
## #?.....# #......#
########


You could see the friendly CandyCakes the ancestor and an ogre (ally target).

Vanquished Creatures
  2 scorpions (D:4)
  A hound (D:4)
  2 iguanas (D:4)
  3 adders (D:2)
  2 dart slugs
  3 ball pythons
  An endoplasm (D:4)
  2 giant cockroaches
  6 goblins
  3 hobgoblins
  A jackal (D:4)
  5 kobolds
  2 quokkas
  2 bats (D:3)
  A frilled lizard (D:2)
  5 rats
41 creatures vanquished.

Vanquished Creatures (collateral kills)
  An iguana (D:4)
  An adder (D:5)
  A white imp (D:5)
  A kobold (D:4)
4 creatures vanquished.

Grand Total: 45 creatures vanquished

Notes
Turn   | Place    | Note
-------+----------+-------------------------------------------
     0 | D:1      | PurpleRed the Meteoran Fighter began the quest for the Orb.
     0 | D:1      | Reached XP level 1. HP: 19/19 MP: 2/2
   150 | D:2      | Reached skill level 3 in Axes
   150 | D:2      | Reached XP level 2. HP: 21/26 MP: 3/3
   209 | D:2      | Reached XP level 3. HP: 29/31 MP: 4/4
   565 | D:2      | Reached skill level 4 in Axes
   565 | D:2      | Reached XP level 4. HP: 39/40 MP: 5/5
   573 | D:3      | Found a hazy altar of Hepliaklqana.
   580 | D:3      | Became a worshipper of Hepliaklqana the Forgotten
   614 | D:3      | Noticed an ogre
   968 | D:4      | Reached * piety under Hepliaklqana
   983 | D:5      | Entered Level 5 of the Dungeon
   986 | D:5      | Noticed a two-headed ogre
   995 | D:4      | Reached XP level 5. HP: 40/41 MP: 6/6
  1015 | D:4      | Reached skill level 5 in Axes
  1015 | D:4      | Reached XP level 6. HP: 36/47 MP: 7/7
  1057 | D:4      | Reached skill level 5 in Fighting
  1057 | D:4      | Reached skill level 6 in Axes
  1122 | D:5      | Reached XP level 7. HP: 44/54 MP: 8/8
  1142 | D:5      | Mangled by an ogre

Illustrated notes

Levels and vault maps discovered:
D:1:      dpeg_arrival_stonehenge_8_columns, layout_basic
D:2:      layout_loops_cross
D:3:      layout_loops_corners, nicolae_hepliaklqana_hazy_memory,
          mainiacjoe_overflow_boulevard, nicolae_underground_beach, uniq_sigmund
D:4:      minmay_angry_zag, layout_basic
D:5:      layout_rooms, minmay_temple_entry_large_hall, gup_sewer_entry_glass,
          uniq_grinder

Skill      XL: |  1  2  3  4  5  6 |
---------------+-------------------+-----
Axes           | 3 4 5 6 |  6.5
Fighting       | 4 5 |  5.1
Armour         | |  3.2
Shields        | |  3.2

Action                     |  1- 3 |  4- 6 |  7- 9 || total
---------------------------+-------+-------+-------++-------
  Melee: War axe           |    59 |    69 |     5 ||   133
 Invoke: Recall Ancestor   |       |     1 |       ||     1
         Ancestor Identity |       |     1 |       ||     1
    Use: Scroll            |       |     6 |       ||     6
 Armour: Scale mail        |    35 |    49 |     3 ||    87
  Dodge: Dodged            |    33 |    38 |     1 ||    72
  Block: Buckler           |    12 |    14 |       ||    26

Table legend: (Time is in decaauts)
 A = Elapsed time spent in this place.
 B = Non-inter-level travel time spent in this place.
 C = Inter-level travel time spent in this place.
 D = Time resting spent in this place.
 E = Time spent auto-exploring this place.
 F = Levels seen in this place.
 G = Mean time per level.
                   A        B        C        D        E       F      G
               +--------+--------+--------+--------+--------+-----+--------+
         Total |   1183 |   1148 |     35 |      0 |      0 |   5 |  236.6 |
       Dungeon |   1183 |   1148 |     35 |      0 |      0 |   5 |  236.6 |
               +--------+--------+--------+--------+--------+-----+--------+

Top non-repeatable levels by time:
     D:2: 380 daAuts
     D:1: 340 daAuts
     D:4: 216 daAuts
     D:3: 210 daAuts
     D:5: 36 daAuts
